 Dungeon Crawl Stone Soup version 0.25.1-2-g60ff931df9 (webtiles) character file.

Game seed: 15109329894429819583

15 DungeonDestroyer the Shield-Bearer (level 2, -4/29 HPs)
             Began as a Gnoll Fighter on Oct 1, 2020.
             Slain by Sigmund
             ... wielding a +0 scythe
              (7 damage)
             ... on level 2 of the Dungeon.
             The game lasted 00:01:18 (1555 turns).

DungeonDestroyer the Shield-Bearer (Gnoll Fighter)  Turns: 1555, Time: 00:01:19

Health: -4/29      AC:  9    Str: 18    XL:     2   Next: 50%
Magic:  2/2        EV:  8    Int: 10    God:
Gold:   82         SH: 11    Dex: 14    Spells: 1/1 levels left

rFire    . . .     SeeInvis .   a - +0 war axe
rCold    . . .     Gourm    .   c - +1 kite shield
rNeg     . . .     Faith    .   b - +0 scale mail
rPois    .         Spirit   .   (no helmet)
rElec    .         Reflect  .   (no cloak)
rCorr    .         Harm     .   j - +0 pair of gloves
MR       .....                  (no boots)
Stlth    ..........             (no amulet)
HPRegen  0.09/turn              (no ring)
MPRegen  0.08/turn              (no ring)

@: no status effects
A: distributed training, fangs 1, strong nose
a: no special abilities


You were on level 2 of the Dungeon.
You were not hungry.

You visited 1 branch of the dungeon, and saw 2 of its levels.

You collected 82 gold pieces.

Inventory:

Hand Weapons
 a - a +0 war axe (weapon)
 l - a +0 mace
Missiles
 g - 18 stones (quivered)
 k - 13 arrows
Armour
 b - a +0 scale mail (worn)
 c - a +1 kite shield (worn)
 j - a +0 pair of gloves (worn)
Scrolls
 h - 3 scrolls of teleportation
Potions
 d - a potion of might
 e - a potion of curing
 i - a potion of haste
 m - a potion of resistance {unknown}
Comestibles
 f - 3 rations
 n - 5 chunks of flesh


   Skills:
 + Level 6.5 Fighting
 + Level 0.4 Short Blades
 + Level 0.4 Long Blades
 + Level 4.5 Axes
 + Level 0.4 Maces & Flails
 + Level 0.4 Polearms
 + Level 0.4 Staves
 + Level 0.4 Slings
 + Level 0.4 Bows
 + Level 0.4 Crossbows
 + Level 0.4 Throwing
 + Level 6.5 Armour
 + Level 0.4 Dodging
 + Level 0.4 Stealth
 + Level 6.5 Shields
 + Level 0.4 Unarmed Combat
 + Level 0.4 Spellcasting
 + Level 0.2 Conjurations
 + Level 0.2 Hexes
 + Level 0.2 Charms
 + Level 0.2 Summonings
 + Level 0.2 Necromancy
 + Level 0.2 Translocations
 + Level 0.2 Transmutations
 + Level 0.2 Fire Magic
 + Level 0.2 Ice Magic
 + Level 0.2 Air Magic
 + Level 0.2 Earth Magic
 + Level 0.2 Poison Magic
 + Level 0.5 Invocations
 + Level 0.4 Evocations


You had one spell level left.
You didn't know any spells.
Your spell library was empty.

Dungeon Overview and Level Annotations

Branches:
Dungeon (2/15)

Altars:
Cheibriados

Annotations:
D:2 Sigmund


Innate Abilities, Weirdness & Mutations

Your experience applies equally to all skills.
You have very sharp teeth.
Your uncanny sense of smell can sniff out nearby items.


Message History

The kobold throws a stone.
The stone barely misses you.
You see here a stone.
Unknown command.
You bump into the rock wall.
Something hits you.
Unknown command.
You bump into the rock wall.
The kobold throws a stone.
The stone barely misses you. Something hits you!
* * * LOW HITPOINT WARNING * * *
Unknown command.
You bump into the rock wall.
You feel less confused.
The kobold throws a stone.
You block the stone.
Unknown command.
You hear some strange, mumbled words.
Something tries to affect you, but you resist.
The kobold throws a stone.
The stone hits you but does no damage.
You see here 4 stones.
Unknown command.
You closely miss something. Something hits you!
You die...

∆ . ######### ... #####
#.......### .... #...#
#..........
.....##..(########..........
.....''(.r{@(...............
.....##..K############......
### #...# #...... #...#
#...... #####...#########
#...... ∆ ....$..÷÷.......#
###.### #######...#####.#
#.# #.$.# #.######.### #...#
#<.........#


You could see a kobold and a rat.

Vanquished Creatures
  A ball python (D:2)
  A goblin (D:1)
  3 hobgoblins (D:1)
  3 bats (D:1)
  2 frilled lizards (D:1)
  2 kobolds (D:1)
  4 rats
16 creatures vanquished.

Notes
Turn   | Place    | Note
-------+----------+-------------------------------------------
     0 | D:1      | DungeonDestroyer the Gnoll Fighter began the quest for the
                  | Orb.
     0 | D:1      | Reached XP level 1. HP: 23/23 MP: 1/1
   283 | D:1      | Found a snail-covered altar of Cheibriados.
   425 | D:1      | Reached XP level 2. HP: 21/29 MP: 2/2
  1535 | D:2      | Noticed Sigmund
  1555 | D:2      | Slain by Sigmund

Illustrated notes

Levels and vault maps discovered:
D:1:      dpeg_arrival_central, layout_basic, minivault_11,
          hangedman_decor_growths, cheibriados_altar_1
D:2:      layout_basic, nicolae_overflow_crystal_walls, bloody_makhleb,
          first_ration, uniq_sigmund, uniq_crazy_yiuf_cottage, uniq_natasha,
          uniq_robin

Action                   || total
-------------------------++-------
Melee: War axe           ||    53
       Bite              ||     3
  Use: Potion            ||     5
       Scroll            ||     6
  Eat: Chunk             ||     2
Armor: Scale mail        ||    17
       Skin              ||     1
Dodge: Dodged            ||    25
Block: Kite shield       ||    27
